 Dungeon Crawl Stone Soup version 0.25-a0-94-g9e23508adf (webtiles) character file.

Game seed: 7393651333551229040, levelgen mode: deterministic

3745 Arixos the Skirmisher (level 9, -14/72 HPs)
             Began as a Demonspawn Monk on Nov 11, 2019.
             Was a Priest of Sif Muna.
             Demolished by a two-headed ogre
             ... wielding a cursed -3 giant club
              (22 damage)
             ... on level 8 of the Dungeon.
             The game lasted 00:48:38 (10962 turns).

Arixos the Skirmisher (Demonspawn Monk)            Turns: 10962, Time: 00:48:38

Health: -14/72     AC: 12    Str: 14    XL:     9   Next: 93%
Magic:  0/16       EV: 16    Int: 19    God:    Sif Muna [***...]
Gold:   362        SH:  0    Dex: 15    Spells: 14/17 levels left

rFire    . . .     SeeInvis .   b - +1 dagger (drain)
rCold    + . .     Gourm    .   (no shield)
rNeg     + . .     Faith    .   t - +2 leather armour {MR+}
rPois    .         Spirit   +   p - +1 helmet
rElec    .         Reflect  .   l - +0 cloak
rCorr    .         Harm     .   C - +0 pair of gloves
MR       +....                  (no boots)
Stlth    ++........             D - amulet of the acrobat
HPRegen  0.22/turn              j - ring of positive energy
MPRegen  0.15/turn              v - +6 ring of intelligence

@: about to teleport
A: hooves 1, yellow scales 1, cold resistance 1, magic shield
a: Channel Magic, Forget Spell, Renounce Religion


You were on level 8 of the Dungeon.
You worshipped Sif Muna.
Sif Muna was most pleased with you.
You were not hungry.

You visited 2 branches of the dungeon, and saw 9 of its levels.

You collected 362 gold pieces.

Inventory:

Hand Weapons
 b - a +1 dagger of draining (weapon)
Missiles
 o - 43 poisoned darts (quivered)
Armour
 l - a +0 cloak (worn)
 p - a +1 helmet (worn)
 t - a +2 leather armour of magic resistance (worn)
 C - a +0 pair of gloves (worn)
Magical Staves
 a - an uncursed staff of energy
 w - an uncursed staff of poison
Jewellery
 j - a ring of positive energy (left hand)
 v - a +6 ring of intelligence (right hand)
 D - an amulet of the acrobat (around neck)
Wands
 s - a wand of digging (1)
 F - a wand of scattershot (2)
Scrolls
 c - a scroll of magic mapping
 f - 6 scrolls of remove curse
 i - 2 scrolls of immolation
 k - 12 scrolls of identify
 n - 2 scrolls of teleportation
 q - 2 scrolls of enchant armour {unknown}
 r - 4 scrolls of amnesia
 y - a scroll of blinking {unknown}
 z - a scroll of silence {unknown}
 A - a scroll of fear {unknown}
Potions
 d - 2 potions of curing
 e - a potion of ambrosia {unknown}
 m - 2 potions of lignification {unknown}
 u - a potion of degeneration {unknown}
 x - a potion of might {unknown}
 B - a potion of brilliance {unknown}
 G - a potion of agility {unknown}
Comestibles
 g - 10 chunks of flesh
 E - 3 rations


   Skills:
 + Level 7.2 Fighting
 + Level 6.0 Armour
 + Level 6.5 Dodging
 - Level 1.7 Stealth
 - Level 2.6 Unarmed Combat
 * Level 4.7 Spellcasting
 * Level 2.7 Conjurations
 * Level 2.5 Ice Magic
 + Level 6.3 Invocations


You had 14 spell levels left.
You knew the following spells:

 Your Spells              Type           Power        Failure   Level  Hunger
a - Throw Frost           Conj/Ice       ##....       8%          2    #......
A - Freeze                Ice            ##..         5%          1    None

Your spell library contained the following spells:

 Spells                   Type           Power        Failure   Level  Hunger
 Corona                   Hex            #......      16%         1    None
 Slow                     Hex            #.......     24%         2    #......
 Ozocubu's Armour         Chrm/Ice       #.......     28%         3    ##.....
 Inner Flame              Hex/Fire       #.......     43%         3    ##.....
 Portal Projectile        Hex/Tloc       #.....       43%         3    ##.....
 Throw Icicle             Conj/Ice       ##......     45%         4    ####...
 Summon Ice Beast         Ice/Summ       #.......     67%         4    ####...
 Cause Fear               Hex            #.........   83%         4    ####...
 Leda's Liquefaction      Hex/Erth       #.........   83%         4    ####...


Dungeon Overview and Level Annotations

Branches:
Dungeon (8/15)             Temple (1/1) D:5
   Lair: D:8-11

Altars:
Ashenzari
Cheibriados
Dithmenos
Elyvilon
Fedhas
Gozag
Hepliaklqana
Kikubaaqudgha
Makhleb
Nemelex Xobeh
Okawaru
Qazlal
Ru
Sif Muna
Trog
Uskayaw
Vehumet
Xom
Yredelemnul
Zin
The Shining One

Shops:
D:5 (   D:7 [[

Annotations:
D:4 2 runed translucent doors, Ruokin's ghost, amateur MiBe
D:6 1 runed translucent door


Innate Abilities, Weirdness & Mutations

You have large cloven feet.
You are partially covered in yellow scales. (AC +2)
Your flesh is cold resistant. (rC+)
When hurt, damage is shared between your health and your magic reserves.


Message History

* * * LOW HITPOINT WARNING * * *
The gnoll sergeant hits you with a +0 spear.
As you read the scroll labeled LAMAXT TORAL, it crumbles to dust.
You feel aware of your surroundings.
You sensed 2 altars.
It was a scroll of magic mapping.
The sentinel's mark upon you fades away.
The orc wizard mumbles some strange words.
The orc wizard blinks!
The gnoll sergeant hits you but does no damage.
The two-headed ogre hits you with a cursed -3 giant club!
* * * LOW HITPOINT WARNING * * *
The two-headed ogre misses you.
As you read the scroll labeled ANUGAD PAALUQ, it crumbles to dust.
The creatures around you are filled with an inner flame!
It was a scroll of immolation.
The orc wizard misses you.
The gnoll sergeant completely misses you.
As you read the scroll labeled LIUL TINAO, it crumbles to dust.
You feel strangely unstable.
It was a scroll of teleportation.
The two-headed ogre hits you with a cursed -3 giant club!!
You die...

,****,................#
#...*
,,,,,..##..>#######..##
#...*# *,,,,..,.....*
#.## #..,,.
,,,,,,,,*,,,*######.##
**,,*#
,****,*,**,,.........#
*,,* ,*
*,*,****########.# *,,*
,* *,*,* ##.## *,,* ,*
*,*,*
#####oo.#######.,*
,****,*,*
#o@Ooooo........,*
,,,,,,*,****
#g###so.########,*
,,,,,,,,,,,* #g# ##.##
*,*
,***,**,*#.####g####.#
*,* ,*
*,*,,.....(.g...o.# *,*
,* *,**,##.####.###s)#
*,** ,*
*,*****,####.#....#
*,** ,***,***
*,.........## *,,,
,,,,,,,* ***###....s#
****


You could see a two-headed ogre (inner flame), an orc warrior (inner flame), a
gnoll sergeant (inner flame), a scorpion (inner flame), an orc priest (inner
flame), an orc wizard (inner flame), 3 gnolls and 5 orcs.

Vanquished Creatures
  Joseph (D:7)
  2 hornets (D:8)
  A wyvern (D:8)
  A water moccasin (D:7)
  An orc warrior (D:6)
  A sky beast (D:5)
  A phantom (D:7)
  5 ogres
  A centaur (D:7)
  A crocodile (D:8)
  3 big kobolds
  A bullfrog (D:8)
  Blork the orc (D:6)
  3 scorpions
  2 killer bees (D:7)
  3 howler monkeys (D:8)
  7 crimson imps
  3 hounds
  A jelly (D:8)
  3 orc priests
  Crazy Yiuf (D:3)
  A gnoll shaman (D:8)
  2 orc wizards
  Ijyb (D:3)
  An iguana (D:6)
  6 worker ants
  A killer bee zombie (D:6)
  A hound skeleton (D:8)
  A worker ant zombie (D:5)
  Robin (D:3)
  12 gnolls
  13 adders
  2 shadow imps
  An ooze (D:4)
  3 worms (D:2)
  2 dart slugs
  7 leopard geckos
  28 orcs
  4 giant cockroaches
  18 goblins
  15 hobgoblins
  14 jackals
  17 kobolds
  3 quokkas
  12 bats
  7 frilled lizards
  A jackal skeleton (D:5)
  A leopard gecko skeleton (D:4)
  A quokka skeleton (D:4)
  6 rats
225 creatures vanquished.

Notes
Turn   | Place    | Note
-------+----------+-------------------------------------------
     0 | D:1      | Arixos the Demonspawn Monk began the quest for the Orb.
     0 | D:1      | Reached XP level 1. HP: 18/18 MP: 1/1
   499 | D:1      | Gained mutation: When hurt, damage is shared between your
                  | health and your magic reserves. [demonic ancestry]
   499 | D:1      | Reached XP level 2. HP: 24/24 MP: 2/2
   794 | D:1      | Reached skill level 1 in Armour
  1055 | D:1      | Reached XP level 3. HP: 29/29 MP: 3/3
  1402 | D:2      | Found a stormy altar of Qazlal.
  1556 | D:2      | Gained mutation: You have large cloven feet. [demonic
                  | ancestry]
  1556 | D:2      | Reached XP level 4. HP: 34/37 MP: 4/4
  1749 | D:2      | Found a sparkling altar of Nemelex Xobeh.
  1926 | D:3      | Reached skill level 4 in Fighting
  2040 | D:3      | Found a runed translucent door.
  2041 | D:3      | Noticed Crazy Yiuf
  2150 | D:3      | Found an opulent altar of Gozag.
  2225 | D:3      | Noticed Ijyb
  2268 | D:3      | Killed Ijyb
  2268 | D:3      | Reached XP level 5. HP: 30/42 MP: 5/5
  2415 | D:3      | Noticed Robin
  2442 | D:3      | Killed Robin
  2652 | D:3      | Found a shadowy altar of Dithmenos.
  2931 | D:3      | Killed Crazy Yiuf
  3088 | D:4      | Found a snail-covered altar of Cheibriados.
  3139 | D:4      | Gained mutation: You are partially covered in yellow
                  | scales. (AC +2) [demonic ancestry]
  3139 | D:4      | Reached XP level 6. HP: 44/49 MP: 6/6
  3529 | D:4      | Found a large runed translucent door.
  3530 | D:4      | Found a large runed translucent door.
  3535 | D:4      | Noticed Ruokin's ghost (amateur MiBe)
  3593 | D:4      | Reached skill level 5 in Fighting
  3860 | D:4      | Gained mutation: Your flesh is cold resistant. (rC+)
                  | [demonic ancestry]
  3860 | D:4      | Reached XP level 7. HP: 56/56 MP: 7/7
  4045 | D:5      | Entered Level 5 of the Dungeon
  4164 | D:5      | Found Latoni's Weapon Shoppe.
  4252 | D:5      | Found a shimmering altar of Xom.
  4277 | D:5      | Found a staircase to the Ecumenical Temple.
  4294 | Temple   | Entered the Ecumenical Temple
  4364 | Temple   | Became a worshipper of Sif Muna the Loreminder
  4364 | Temple   | Reached * piety under Sif Muna
  4364 | Temple   | Reached ** piety under Sif Muna
  4602 | D:5      | Reached skill level 1 in Invocations
  4722 | D:5      | Reached skill level 5 in Dodging
  4722 | D:5      | Reached skill level 1 in Spellcasting
  4971 | D:5      | Found a shimmering altar of Xom.
  5448 | D:6      | Reached XP level 8. HP: 36/64 MP: 4/10
  5846 | D:6      | Found a glowing golden altar of the Shining One.
  5846 | D:6      | Found a runed translucent door.
  5846 | D:6      | Noticed an angel
  5871 | D:6      | Reached skill level 6 in Fighting
  6286 | D:6      | Noticed Blork the orc
  6302 | D:6      | Killed Blork the orc
  7351 | D:6      | Reached skill level 5 in Armour
  8017 | D:6      | Found a glowing golden altar of the Shining One.
  8018 | D:6      | Found a runed translucent door.
  8470 | D:7      | Noticed Joseph
  8495 | D:7      | Killed Joseph
  8495 | D:7      | Reached skill level 5 in Invocations
  8495 | D:7      | Reached XP level 9. HP: 64/71 MP: 11/14
  8748 | D:7      | Found Bett's Armour Emporium.
  8855 | D:7      | Found a radiant altar of Vehumet.
  8863 | D:7      | Reached *** piety under Sif Muna
  9108 | D:7      | Learned a level 1 spell: Freeze
  9111 | D:7      | Learned a level 2 spell: Throw Frost
  9213 | D:7      | Found a hazy altar of Hepliaklqana.
  9378 | D:7      | Found Xodeud's Antique Armour Boutique.
  9447 | D:7      | Found a white marble altar of Elyvilon.
  9501 | D:7      | Found a basalt altar of Yredelemnul.
  9602 | D:8      | Reached skill level 7 in Fighting
  9722 | D:8      | Reached skill level 1 in Conjurations
  9722 | D:8      | Reached skill level 1 in Ice Magic
  9888 | D:8      | Found a blossoming altar of Fedhas.
 10072 | D:8      | Paralysed by a hornet for 2 turns
 10216 | D:8      | Noticed a two-headed ogre
 10962 | D:8      | Demolished by a two-headed ogre

Levels and vault maps discovered:
D:1:      psy_arrival_whirlpool, layout_loops_corners
D:2:      layout_loops_ring, nemelex_xobeh_ov_fountains_minmay,
          nicolae_qazlal_general_emergency
D:3:      layout_basic, lemuel_coloured_pillars_altar, lemuel_crystal_altar,
          uniq_crazy_yiuf_cottage, uniq_robin, uniq_ijyb
D:4:      layout_basic, nicolae_overflow_hidden_temple,
          ebering_ghost_disaster_area, first_ration, sigmund_army
D:5:      layout_loops_corners, led_xom_imps, minmay_temple_entry_sparse_star,
          serial_shops, nicolae_shop_crystal, kennysheep_flooded_box
D:6:      layout_basic, lemuel_angel_altar, uniq_blork_the_orc
D:7:      layout_basic, kennysheep_ying_yang, kennysheep_little_box,
          vehumet_crystals, serial_shops, shop, shop,
          hangedman_decor_peaks_small, uniq_joseph
D:8:      layout_loops_ring, old_standard_altar, kennysheep_mini, basic_altar
Temple:   cyrus_temple_forest

Skill      XL: |  1  2  3  4  5  6  7  8  9 |
---------------+----------------------------+-----
Dodging        | 3 4 5 6 |  6.5
Armour         | 1 2 3 4 5 6 |  6.0
Fighting       | 4 5 6 7 |  7.2
Invocations    | 2 5 6 |  6.3
Spellcasting   | 1 3 4 |  4.7
Conjurations   | 2 |  2.7
Ice Magic      | 2 |  2.5
Stealth        | |  1.7
Unarmed Combat | |  2.6

Action                   |  1- 3 |  4- 6 |  7- 9 || total
-------------------------+-------+-------+-------++-------
Melee: Unarmed           |    90 |       |       ||    90
       Short sword       |    86 |   251 |   347 ||   684
       Kick              |       |    70 |   217 ||   287
       Punch             |       |     1 |     7 ||     8
       Dagger            |       |       |   342 ||   342
Throw: Dart              |       |     6 |    24 ||    30
 Cast: Freeze            |       |       |    37 ||    37
       Throw Frost       |       |       |    19 ||    19
Invok: Channel Magic     |       |       |     1 ||     1
  Use: Scroll            |       |       |     6 ||     6
       Potion            |       |       |     3 ||     3
 Stab: Sleeping          |     1 |     3 |     2 ||     6
  Eat: Chunk             |     2 |     8 |    10 ||    20
       Ration            |       |       |     4 ||     4
Armor: Robe              |    26 |       |       ||    26
       Scale mail        |    24 |    38 |       ||    62
       Leather armour    |       |    36 |   207 ||   243
Dodge: Dodged            |   119 |   126 |   515 ||   760

Table legend:
 A = Non-vault XP
 B = Vault XP
 C = Vault XP percentage of total XP
 D = Non-vault monster count
 E = Vault monster count
 F = Vault count percentage of total count
                 A         B        C        D         E       F
            +---------+---------+-------+---------+---------+-------
      Total |    4488 |     863 |  16.1 |     200 |      25 |  11.1
            +---------+---------+-------+---------+---------+-------
        D:1 |      46 |       0 |   0.0 |      27 |       0 |   0.0
        D:2 |      97 |       0 |   0.0 |      25 |       0 |   0.0
        D:3 |     198 |     113 |  36.3 |      32 |      15 |  31.9
        D:4 |     302 |       9 |   2.9 |      19 |       4 |  17.4
        D:5 |     474 |     194 |  29.0 |      21 |       4 |  16.0
        D:6 |     906 |      87 |   8.8 |      28 |       1 |   3.4
        D:7 |     771 |     460 |  37.4 |      21 |       1 |   4.5
        D:8 |    1694 |       0 |   0.0 |      27 |       0 |   0.0
            +---------+---------+-------+---------+---------+-------
